[Event "ICC tourney 1911 (25 10)"]
[Site "Internet Chess Club"]
[Date "2020.07.11"]
[Round "4"]
[White "AboardBuffalo"]
[Black "raghuraja"]
[Result "0-1"]
[ICCResult "White resigns"]
[WhiteElo "1563"]
[BlackElo "1442"]
[Opening "Sicilian: Najdorf"]
[ECO "B90"]
[NIC "SI.14"]
[Time "17:15:35"]
[TimeControl "1500+10"]

1. e4 c5 2. Nf3 d6 3. d4 cxd4 4. Nxd4 Nf6 5. Nc3 a6 6. f3 e5 7. Nb3 Be6 8.
Be3 Be7 9. Qd2 Nbd7 10. O-O-O O-O 11. g4 b5 12. h4 b4 13. Nd5 Bxd5 14. exd5
a5 15. Qf2 a4 16. Nd2 b3 17. Bc4 bxa2 18. Bxa2 a3 19. Nb3 axb2+ 20. Kxb2 Qc7
21. h5 Rfb8 22. g5 Qa5 23. Ra1 Nxd5 24. Kc1 Qc3 25. Bd2 Bxg5 26. Kd1 Bxd2
27. Qxd2 Qxf3+ {White resigns} 0-1

[Event "ICC tourney 1911 (25 10)"]
[Site "Internet Chess Club"]
[Date "2020.07.11"]
[Round "4"]
[White "imranchamp"]
[Black "KingSacrifice-1"]
[Result "1-0"]
[ICCResult "Black checkmated"]
[WhiteElo "1468"]
[BlackElo "1419"]
[Opening "Scandinavian gambit"]
[ECO "B01"]
[NIC "SD.03"]
[Time "17:15:44"]
[TimeControl "1500+10"]

1. e4 d5 2. exd5 Nf6 3. c4 c6 4. dxc6 Qc7 5. cxb7 Bxb7 6. Nc3 Nc6 7. d3 e6
8. Nf3 Bc5 9. d4 Rd8 10. d5 Ne7 11. Qa4+ Kf8 12. Be2 exd5 13. O-O h5 14. b4
d4 15. Nb5 Qc6 16. bxc5 a6 17. Qb4 d3 18. Na7 Qc7 19. Bd1 Ng4 20. Qb6 Qd7
21. Ba4 Qf5 22. Qxd8# {Black checkmated} 1-0

[Event "ICC tourney 1911 (25 10)"]
[Site "Internet Chess Club"]
[Date "2020.07.11"]
[Round "4"]
[White "Aarush37"]
[Black "okalia"]
[Result "0-1"]
[ICCResult "White resigns"]
[WhiteElo "1368"]
[BlackElo "1361"]
[Opening "Scotch: Steinitz variation"]
[ECO "C45"]
[NIC "SO.04"]
[Time "17:15:44"]
[TimeControl "1500+10"]

1. e4 e5 2. Nf3 Nc6 3. d4 exd4 4. Nxd4 Qh4 5. Nc3 Bb4 6. Be2 Qxe4 7. Nxc6
Qxc6 8. O-O Nf6 9. Bf3 Qd6 10. Re1+ Kd8 11. Bd2 Bxc3 12. bxc3 Re8 13. Rxe8+
Kxe8 14. Qe2+ Kf8 15. Re1 h6 16. Be3 Qe6 17. Qd2 Qf5 18. Be2 d6 19. Bxh6 Ne4
20. Qe3 gxh6 21. Qxh6+ Kg8 22. Bf3 Qg5 23. Qxg5+ Nxg5 {White resigns} 0-1

[Event "ICC tourney 1911 (25 10)"]
[Site "Internet Chess Club"]
[Date "2020.07.11"]
[Round "4"]
[White "Zwish"]
[Black "IndianTerritory"]
[Result "0-1"]
[ICCResult "White resigns"]
[WhiteElo "1082"]
[BlackElo "1505"]
[Opening "Caro-Kann defense"]
[ECO "B10"]
[NIC "CK.01"]
[Time "17:15:45"]
[TimeControl "1500+10"]

1. e4 c6 2. Ne2 d5 3. e5 c5 4. d4 Nc6 5. e6 Bxe6 6. dxc5 Qa5+ 7. Nbc3 d4 8.
Nxd4 O-O-O 9. Be3 Nxd4 10. Bxd4 Qb4 11. c6 Rxd4 12. cxb7+ Kxb7 13. Qe2 Ka8
14. Qa6 Qxb2 15. Qc6+ Qb7 16. Qc5 Qb6 17. Qe5 Nf6 18. Bb5 Rd6 19. Rb1 Qxf2+
20. Kxf2 Ng4+ 21. Kg3 Nxe5 22. Rhe1 f6 23. Ne4 Bxa2 24. Rb2 Rb6 25. Rd1 Bc4
26. Nc5 a6 27. Nxa6 e6 28. Ra1 Kb7 29. Ra5 Bxb5 {White resigns} 0-1

[Event "ICC tourney 1911 (25 10)"]
[Site "Internet Chess Club"]
[Date "2020.07.11"]
[Round "4"]
[White "albli"]
[Black "ruitang"]
[Result "0-1"]
[ICCResult "White resigns"]
[WhiteElo "1396"]
[BlackElo "1483"]
[Opening "Van't Kruijs opening"]
[ECO "A00"]
[Time "17:15:46"]
[TimeControl "1500+10"]

1. e3 Nf6 2. Nc3 d5 3. Nf3 g6 4. g3 Bg7 5. Bg2 O-O 6. O-O c5 7. d3 Nc6 8.
Qe2 e5 9. Bd2 h6 10. Rad1 Be6 11. a3 Qd7 12. e4 d4 13. Nb1 Rfd8 14. Ne1 Qe7
15. f4 exf4 16. Bxf4 Ng4 17. h3 Nge5 18. Nf3 Nxf3+ 19. Qxf3 g5 20. Bc1 Ne5
21. Qf2 Qd7 22. Kh2 Ng6 23. Nd2 h5 24. Rde1 g4 25. h4 Qc7 26. Kh1 Be5 27.
Kh2 Nxh4 28. Nc4 Bxc4 29. dxc4 Nxg2 30. Kxg2 d3 31. Rh1 dxc2 32. Rxh5 Rd1
33. Rg5+ Kf8 34. Rxg4 Qd7 35. Bg5 Qxg4 36. Qxc5+ Kg8 {White resigns} 0-1

[Event "ICC tourney 1911 (25 10)"]
[Site "Internet Chess Club"]
[Date "2020.07.11"]
[Round "4"]
[White "gsosa"]
[Black "geowhiz27"]
[Result "1-0"]
[ICCResult "Black resigns"]
[WhiteElo "1514"]
[BlackElo "1196"]
[Opening "Queen's gambit declined"]
[ECO "D30"]
[NIC "EO.64"]
[Time "17:15:39"]
[TimeControl "1500+10"]

1. c4 e6 2. d4 d5 3. Nf3 Nf6 4. g3 c5 5. cxd5 exd5 6. Bg2 Nc6 7. O-O Bf5 8.
e3 Be7 9. Ne5 O-O 10. Nc3 cxd4 11. exd4 Ne4 12. Nxc6 bxc6 13. Nxe4 Bxe4 14.
Bxe4 dxe4 15. Be3 Rb8 16. Qc2 Qd5 17. b3 f5 18. Rac1 Rbc8 19. Qc4 Bd6 20.
Rc2 f4 21. gxf4 Qxc4 22. Rxc4 Bxf4 23. Bxf4 Rxf4 24. Rfc1 Rcf8 25. R1c2 R8f6
26. Rxc6 Rxf2 27. Rc8+ Rf8 28. Rxf8+ Rxf8 29. Rc7 Rf7 30. Rc8+ Rf8 31. Rxf8+
Kxf8 32. Kf2 Ke7 33. Ke3 Kd6 34. Kxe4 Ke6 35. b4 g5 36. a4 h5 37. b5 g4 38.
a5 Kd6 39. Kf4 Kd5 40. Kg5 Kd6 41. Kxh5 {Black resigns} 1-0

[Event "ICC tourney 1911 (25 10)"]
[Site "Internet Chess Club"]
[Date "2020.07.11"]
[Round "4"]
[White "natez"]
[Black "saisneha"]
[Result "1-0"]
[ICCResult "Black resigns"]
[WhiteElo "1581"]
[BlackElo "1558"]
[Opening "Queen's pawn game"]
[ECO "D05"]
[NIC "QP.06"]
[Time "17:15:35"]
[TimeControl "1500+10"]

1. d4 Nf6 2. Nf3 e6 3. e3 d5 4. Bd3 Bd6 5. O-O O-O 6. Ne5 c5 7. b3 b6 8. Bb2
Bb7 9. Nd2 Nc6 10. f4 Rc8 11. a3 Qe7 12. Qf3 Nd7 13. Nxd7 Qxd7 14. dxc5 Bxc5
15. Bxh7+ Kxh7 16. Qh5+ Kg8 17. Bxg7 Bxe3+ 18. Kh1 Kxg7 19. Qg4+ Kh8 20. Rf3
f5 21. Rh3+ Qh7 22. Rxh7+ Kxh7 23. Qh3+ Kg7 24. Qxe3 Kf6 25. Re1 Rce8 26.
Nf3 Rg8 27. Qc3+ Ke7 28. Ng5 Kd6 29. Qf6 Bc8 30. b4 Ref8 31. Qb2 Rg6 32. c4
dxc4 33. b5 Ke7 34. bxc6 {Black resigns} 1-0

[Event "ICC tourney 1911 (25 10)"]
[Site "Internet Chess Club"]
[Date "2020.07.11"]
[Round "4"]
[White "DanielA1926"]
[Black "poohfur"]
[Result "0-1"]
[ICCResult "White checkmated"]
[WhiteElo "1245"]
[BlackElo "1424"]
[Opening "QGD: Tarrasch defense"]
[ECO "D32"]
[NIC "TD.10"]
[Time "17:15:36"]
[TimeControl "1500+10"]

1. d4 d5 2. c4 e6 3. Nc3 c5 4. dxc5 d4 5. Ne4 Nc6 6. Bf4 e5 7. Bg3 Bf5 8.
Qd3 Nb4 9. Nd6+ Bxd6 10. Qxf5 Ne7 11. Qb1 Bxc5 12. a3 Nbc6 13. b4 Bd6 14. c5
Bc7 15. Nf3 e4 16. Bxc7 Qxc7 17. Qxe4 O-O 18. Rd1 Rfe8 19. Qc2 Rad8 20. e3
dxe3 21. Rxd8 exf2+ 22. Kxf2 Qxd8 23. Bd3 h6 24. Rd1 Qc7 25. Kg1 Qf4 26. Qd2
Nd5 27. Qxf4 Nxf4 28. Bb5 Re3 29. Bxc6 bxc6 30. Rd8+ Kh7 31. Rd7 Rxa3 32.
Rxf7 Nd3 33. Rb7 Ra1+ 34. Ne1 Rxe1# {White checkmated} 0-1

[Event "ICC tourney 1911 (25 10)"]
[Site "Internet Chess Club"]
[Date "2020.07.11"]
[Round "4"]
[White "HeJustin"]
[Black "ReallyBadChess"]
[Result "1-0"]
[ICCResult "Black resigns"]
[WhiteElo "1071"]
[BlackElo "1129"]
[Opening "Sicilian: dragon, Yugoslav attack, Rauser variation"]
[ECO "B76"]
[NIC "SI.17"]
[Time "17:15:45"]
[TimeControl "1500+10"]

1. e4 c5 2. Nf3 d6 3. d4 cxd4 4. Nxd4 Nf6 5. Nc3 g6 6. Be3 Bg7 7. f3 O-O 8.
Qd2 Nc6 9. O-O-O Bd7 10. g4 Rc8 11. h4 h5 12. g5 Nh7 13. f4 a6 14. Be2 e6
15. Rdf1 Qe7 16. f5 exf5 17. exf5 Bxd4 18. Bxd4 Nxd4 19. Qxd4 Bxf5 20. Bxh5
Qd7 21. Bd1 Rfe8 22. Qd2 Be6 23. Kb1 d5 24. h5 Rcd8 25. Qd4 Bf5 26. h6 f6
27. gxf6 Qf7 28. Rhg1 Kh8 29. Qb6 Nxf6 30. Qd4 Kh7 31. Rxf5 gxf5 32. Rg7+
Qxg7 33. hxg7 Kxg7 34. a3 Re1 35. Qf4 d4 36. Qg3+ Kf7 37. Qxe1 dxc3 38. bxc3
Ne4 39. Bf3 Nd2+ 40. Kb2 Nxf3 41. Qh1 Ne5 42. Qxb7+ Rd7 43. Qxa6 f4 44. Qf1
f3 45. a4 Nc4+ 46. Qxc4+ Kf6 47. Qf4+ Ke7 48. Qxf3 {Black resigns} 1-0

[Event "ICC tourney 1911 (25 10)"]
[Site "Internet Chess Club"]
[Date "2020.07.11"]
[Round "4"]
[White "soggydollar"]
[Black "Ajitesh20091"]
[Result "1-0"]
[ICCResult "Black checkmated"]
[WhiteElo "1382"]
[BlackElo "1437"]
[Opening "Ruy Lopez: closed, 7...O-O"]
[ECO "C88"]
[NIC "RL.17"]
[Time "17:15:55"]
[TimeControl "1500+10"]

1. e4 e5 2. Nf3 Nc6 3. Bb5 Nf6 4. O-O a6 5. Ba4 Be7 6. Re1 b5 7. Bb3 O-O 8.
h3 d5 9. exd5 Nxd5 10. Nxe5 Nxe5 11. Rxe5 c6 12. Nc3 Bd6 13. Re1 Nf4 14. d4
Qf6 15. Qf3 Nxh3+ 16. Kf1 Qxf3 17. gxf3 Nf4 18. Re4 Bh3+ 19. Kg1 Ng6 20. Bd2
Bf5 21. Re2 Nh4 22. Be3 Nxf3+ 23. Kg2 Bg4 24. Kh1 Bb4 25. d5 Bxc3 26. bxc3
cxd5 27. Bxd5 Rad8 28. Bb7 Rd6 29. a4 f5 30. Bf4 Rb6 31. Bd5+ Kh8 32. Re3 g5
33. Bc7 Rh6+ 34. Kg2 Rc8 35. Bxf3 Bh3+ 36. Kg1 Rxc7 37. axb5 axb5 38. Ra5 g4
39. Bd5 f4 40. Ra8+ Kg7 41. Rg8+ Kf6 42. Re6+ Kf5 43. Rxh6 Ke5 44. Rg5#
{Black checkmated}
1-0

[Event "ICC tourney 1911 (25 10)"]
[Site "Internet Chess Club"]
[Date "2020.07.11"]
[Round "4"]
[White "msk2018"]
[Black "Niteshc"]
[Result "0-1"]
[ICCResult "White forfeits on time"]
[WhiteElo "1474"]
[BlackElo "1398"]
[Opening "Queen's pawn: London system"]
[ECO "A45"]
[NIC "QP.07"]
[Time "17:15:53"]
[TimeControl "1500+10"]

1. d4 Nf6 2. Bf4 g6 3. e3 Bg7 4. h3 d6 5. Nf3 O-O 6. c3 b6 7. Bd3 Bb7 8. O-O
Nbd7 9. Bc2 Ne4 10. Nbd2 Nxd2 11. Nxd2 e5 12. dxe5 dxe5 13. Bg3 f5 14. Nf3
f4 15. exf4 exf4 16. Bh2 Bxf3 17. Qxf3 Ne5 18. Qe4 Qg5 19. Rfe1 f3 20. g4
Rae8 21. Qd5+ Kh8 22. Ba4 Qh4 23. Bxe5 Rxe5 24. Rxe5 Qxh3 25. Qxf3 Qxf3
{White forfeits on time}
0-1

[Event "ICC tourney 1911 (25 10)"]
[Site "Internet Chess Club"]
[Date "2020.07.11"]
[Round "4"]
[White "CoastalJourney"]
[Black "JadeTooth"]
[Result "0-1"]
[ICCResult "White resigns"]
[WhiteElo "1295"]
[BlackElo "1236"]
[Opening "QGD: Capablanca anti-Cambridge Springs variation"]
[ECO "D51"]
[NIC "QO.16"]
[Time "17:16:15"]
[TimeControl "1500+10"]

1. d4 d5 2. c4 e6 3. Nc3 Nf6 4. Bg5 Nbd7 5. e3 c6 6. a3 Qa5 7. Bxf6 Nxf6 8.
Bd3 Bd6 9. Nf3 Bd7 10. h3 O-O 11. O-O h6 12. e4 dxe4 13. Nxe4 Nxe4 14. Bxe4
Be7 15. Bc2 Qc7 16. Qd3 f5 17. Ne5 Kh7 18. Qg3 Bd6 19. f4 Bxe5 20. fxe5 Qb6
21. Qf2 Kh8 22. b3 Rad8 23. Rad1 Bc8 24. g4 f4 25. Qd2 g5 26. Qd3 Rf7 27.
Qg6 Rg7 28. Qxh6+ Kg8 29. c5 Qa5 30. Rf3 Bd7 31. h4 Qb5 32. Bd3 Qa5 33. Bc4
Re8 34. hxg5 Qd8 35. Rxf4 Rxg5 36. Rdf1 Qe7 37. R1f3 Qg7 38. Rf8+ Rxf8 39.
Rxf8+ Kxf8 40. Qxg7+ Rxg7 {White resigns} 0-1

[Event "ICC tourney 1911 (25 10)"]
[Site "Internet Chess Club"]
[Date "2020.07.11"]
[Round "4"]
[White "chessisthebest1"]
[Black "tcrgm"]
[Result "0-1"]
[ICCResult "White checkmated"]
[WhiteElo "1495"]
[BlackElo "1520"]
[Opening "French: Winawer, Alekhine gambit, Kan variation"]
[ECO "C15"]
[NIC "FR.08"]
[Time "17:15:45"]
[TimeControl "1500+10"]

1. e4 e6 2. d4 d5 3. Nc3 Bb4 4. Ne2 dxe4 5. a3 Bxc3+ 6. Nxc3 Nc6 7. Bb5 Ne7
8. Nxe4 Qd5 9. Qd3 f5 10. Ng3 Qxg2 11. Bd2 Qd5 12. c3 Bd7 13. Bc4 Qd6 14.
Nh5 Rg8 15. Bf4 e5 16. dxe5 Qxd3 17. Bxd3 Nd5 18. Bc4 Nce7 19. O-O-O Be6 20.
Bg5 c6 21. Rhg1 Ng6 22. Rde1 b5 23. Bb3 a5 24. a4 b4 25. Kc2 bxc3 26. bxc3
Kf7 27. Bxd5 Bxd5 28. Ng3 Rae8 29. Nxf5 Rxe5 30. Rxe5 Nxe5 31. Nd4 Be4+ 32.
Kd2 c5 33. Bf4 Nc4+ 34. Ke2 cxd4 35. cxd4 Re8 36. Be3 Bc6 37. Ra1 Rb8 38.
Kd3 Nb2+ 39. Kd2 Bxa4 40. d5 Rb5 41. Kc3 Rb3+ 42. Kc2 Rxe3+ 43. Kxb2 Rb3+
44. Kc1 Rc3+ 45. Kd2 Rc4 46. Kd3 Rh4 47. d6 Bb5+ 48. Ke3 Ke6 49. Rxa5 Bd7
50. Rg5 g6 51. Rg3 Rxh2 52. Kf3 Kxd6 53. Kf4 Rxf2+ 54. Kg5 Rf5+ 55. Kh6 Rh5+
56. Kg7 Ke7 57. Kh8 Kf7 58. Rh3 Bg4 59. Rh4 Bc8 60. Rh3 Kf6 61. Rc3 Be6 62.
Rc4 Ra5 63. Rf4+ Rf5 64. Rd4 h5 65. Kh7 h4 66. Rxh4 Rh5+ 67. Rxh5 gxh5 68.
Kh6 Bg4 69. Kh7 h4 70. Kg8 h3 71. Kf8 h2 72. Kg8 h1=Q 73. Kf8 Qh8#
{White checkmated}
0-1

[Event "ICC tourney 1911 (25 10)"]
[Site "Internet Chess Club"]
[Date "2020.07.11"]
[Round "4"]
[White "AmyMGL"]
[Black "Leolix"]
[Result "0-1"]
[ICCResult "White checkmated"]
[WhiteElo "1393"]
[BlackElo "1604"]
[Opening "Sicilian: Najdorf, Lipnitzky attack"]
[ECO "B86"]
[NIC "SI.13"]
[Time "17:15:48"]
[TimeControl "1500+10"]

1. e4 c5 2. Nf3 d6 3. d4 cxd4 4. Nxd4 Nf6 5. Nc3 a6 6. Bc4 e6 7. Bb3 Nbd7 8.
O-O Nc5 9. f3 b5 10. Be3 Bb7 11. a4 b4 12. Nce2 a5 13. Bc4 Ba6 14. Bxa6 Rxa6
15. Nb5 Be7 16. Qe1 O-O 17. Qf2 Qc8 18. Rfd1 Rd8 19. e5 Nd5 20. exd6 Nxe3
21. Qxe3 Bxd6 22. Qg5 h6 23. Qh4 Qb8 24. b3 Qb6 25. Kh1 Raa8 26. Qh5 Rac8
27. Rd4 Be7 28. Rg4 Bf6 29. Rf1 Kf8 30. Rf4 e5 31. Rc4 Ne6 32. Rxc8 Rxc8 33.
Qf5 Rd8 34. c4 Rd2 35. Qe4 Kg8 36. h3 Nc5 37. Qe3 Rd3 38. Qg1 Rxb3 39. Rd1
Nxa4 40. Qxb6 Nxb6 41. c5 Nc4 42. c6 a4 43. c7 Nb6 44. Rd8+ Kh7 45. c8=Q
Nxc8 46. Rxc8 a3 47. Ra8 Rb2 48. Ng3 a2 49. Kh2 b3 50. Nc3 Rb1 51. Nxa2 Ra1
52. Rb8 bxa2 53. Ra8 Be7 54. Ne4 Bb4 55. Kg3 f5 56. Nf2 Be1 57. f4 e4 58.
Ra3 e3 59. Rxe3 Bxf2+ 60. Kxf2 Rb1 61. Ra3 a1=Q 62. Rxa1 Rxa1 63. g4 fxg4
64. hxg4 Ra3 65. Kg2 Kg6 66. Kf2 Kf6 67. Ke2 Ke6 68. Kd2 Kd5 69. g5 h5 70.
f5 Rg3 71. f6 gxf6 72. gxf6 Ke6 73. Ke2 Kxf6 74. Kf2 Rg8 75. Kf3 h4 76. Kf4
h3 77. Ke4 h2 78. Kd4 h1=Q 79. Kc5 Rc8+ 80. Kd4 Qd1+ 81. Ke3 Rc3+ 82. Ke4
Qd3+ 83. Kf4 Qf3# {White checkmated} 0-1

[Event "ICC tourney 1911 (25 10)"]
[Site "Internet Chess Club"]
[Date "2020.07.11"]
[Round "4"]
[White "sushivishwa"]
[Black "chesslin"]
[Result "0-1"]
[ICCResult "White checkmated"]
[WhiteElo "1463"]
[BlackElo "1742"]
[Opening "Robatsch (modern) defense"]
[ECO "B06"]
[NIC "KF.05"]
[Time "17:16:30"]
[TimeControl "1500+10"]

1. e4 g6 2. d4 Bg7 3. Be3 d6 4. f3 Nd7 5. Qd2 e5 6. d5 h6 7. Ne2 Nb6 8. Na3
f5 9. O-O-O fxe4 10. fxe4 Nf6 11. Ng3 Ng4 12. Bg1 h5 13. Kb1 Bh6 14. Qe2 Qh4
15. Qd3 O-O 16. Be2 Bd7 17. h3 Nf2 18. Bxf2 Rxf2 19. Rhf1 Raf8 20. Nh1 Rxf1
21. Bxf1 a6 22. Be2 Na4 23. Bf3 Nc5 24. Qe2 b5 25. c3 Qf4 26. Nc2 Kh7 27.
Nf2 Rf6 28. Nd3 Nxd3 29. Qxd3 Bxh3 30. Nb4 Bc8 31. c4 Qe3 32. Qc2 Qc5 33.
Nd3 Qxc4 34. Qxc4 bxc4 35. Nb4 Bb7 36. Nc2 c6 37. Na3 cxd5 38. exd5 Rf4 39.
Be2 Rf2 40. Bf3 c3 41. bxc3 Bd2 42. Kc2 Be3+ 43. Kb3 Bc5 44. Nc4 Bc8 45. Nd2
Bf5 46. a3 Kh6 47. c4 g5 48. Ne4 Bxe4 49. Bxe4 g4 50. Rd3 h4 51. Ka4 Kg5 52.
Rb3 Re2 53. Bh7 Rxg2 54. Ka5 Ra2 55. a4 h3 56. Kxa6 Rxa4+ 57. Kb5 Ra7 58.
Be4 Rb7+ 59. Ka4 Rxb3 60. Kxb3 Kf4 61. Bh1 g3 62. Kc3 g2 63. Bxg2 hxg2 64.
Kd3 g1=Q 65. Kc3 Qd4+ 66. Kc2 Qxc4+ 67. Kd1 Qxd5+ 68. Ke2 Qf3+ 69. Ke1 Bb4#
{White checkmated}
0-1

[Event "ICC tourney 1911 (25 10)"]
[Site "Internet Chess Club"]
[Date "2020.07.11"]
[Round "4"]
[White "HAPPYKING99"]
[Black "Almanac2050"]
[Result "0-1"]
[ICCResult "White resigns"]
[WhiteElo "1275"]
[BlackElo "1614"]
[Opening "French: advance, Paulsen attack"]
[ECO "C02"]
[NIC "FR.03"]
[Time "17:15:33"]
[TimeControl "1500+10"]

1. e4 e6 2. d4 d5 3. e5 c5 4. c3 Nc6 5. Nf3 Qb6 6. a3 Bd7 7. b4 cxd4 8. cxd4
Nge7 9. Be3 a5 10. b5 Na7 11. a4 Nf5 12. Bd3 Bb4+ 13. Nbd2 Nc8 14. Bxf5 exf5
15. O-O O-O 16. Nb3 Be6 17. Ng5 h6 18. Nxe6 Qxe6 19. Bd2 Bxd2 20. Qxd2 b6
21. Nc1 Ne7 22. Nd3 Ng6 23. Rac1 Rac8 24. f4 Qd7 25. Kh1 Rfd8 26. g3 Nf8 27.
h4 h5 28. Nf2 Ne6 29. Qd1 g6 30. Qd2 Rc4 31. Rxc4 dxc4 32. Qe2 Qd5+ 33. Kh2
Nxd4 34. Qe3 Qf3 35. Qc1 Ne2 36. Nh1 Nxc1 37. Rxf3 Rd3 38. Rf2 c3 39. Rc2
Nb3 40. Nf2 Rd2 41. Rxc3 Rxf2+ 42. Kg1 Rb2 43. Rc6 Nc5 44. Rxb6 Nxa4 45.
Rb8+ Kg7 46. Rb7 Kf8 47. Rb8+ Ke7 48. Rb7+ Ke6 49. Rb6+ Nxb6 {White resigns}
0-1

[Event "ICC tourney 1911 (25 10)"]
[Site "Internet Chess Club"]
[Date "2020.07.11"]
[Round "4"]
[White "StevChess01"]
[Black "Chessplayer44"]
[Result "0-1"]
[ICCResult "White forfeits on time"]
[WhiteElo "1296"]
[BlackElo "1321"]
[Opening "Dutch defense"]
[ECO "A40"]
[NIC "QO.17"]
[Time "17:15:41"]
[TimeControl "1500+10"]

1. d4 e6 2. c4 f5 3. Nf3 Nf6 4. Bg5 Be7 5. e3 c6 6. Nc3 d5 7. Be2 Nbd7 8.
O-O O-O 9. Qc2 h6 10. Bf4 Nh7 11. Bd3 g5 12. Bg3 Rf7 13. Ne5 Nxe5 14. Bxe5
Bd7 15. f4 Qf8 16. Rab1 Bf6 17. c5 Bxe5 18. fxe5 Qg7 19. b4 Raf8 20. a4 g4
21. b5 Ng5 22. Kh1 g3 23. h3 Kh8 24. bxc6 bxc6 25. Ne2 Nxh3 26. Nf4 Nxf4 27.
Rxf4 Qg5 28. Be2 h5 29. Bf3 h4 30. Kg1 Bc8 31. Kf1 Ba6+ 32. Ke1 Rh7 33. Kd2
h3 34. gxh3 Rxh3 35. Bg2 Rh2 36. Kc3 Qd8 37. Kb2 Qc7 38. Ka1 Rb8 39. Rh1
Rxh1+ 40. Bxh1 Qa5 41. Bf3 Bd3 42. Qxd3 Qxa4+ {White forfeits on time} 0-1

[Event "ICC tourney 1911 (25 10)"]
[Site "Internet Chess Club"]
[Date "2020.07.11"]
[Round "4"]
[White "Armandollantas"]
[Black "ThunderingFish"]
[Result "1-0"]
[ICCResult "Black checkmated"]
[WhiteElo "1600"]
[BlackElo "1512"]
[Opening "Bogo-Indian defense"]
[ECO "E11"]
[NIC "QI.01"]
[Time "17:15:39"]
[TimeControl "1500+10"]

1. d4 Nf6 2. c4 e6 3. Nf3 Bb4+ 4. Bd2 Bxd2+ 5. Nbxd2 O-O 6. e4 c5 7. e5 Ne8
8. dxc5 Nc6 9. Bd3 Qc7 10. Qe2 g6 11. O-O Nb4 12. Bb1 Qxc5 13. Ne4 Qe7 14.
a3 Na6 15. Rd1 Nc5 16. Nxc5 Qxc5 17. b4 Qe7 18. c5 a5 19. Be4 axb4 20. axb4
Rxa1 21. Rxa1 b6 22. cxb6 d5 23. Bd3 Ng7 24. Qb2 Nf5 25. Ra7 Qd8 26. b7 Bd7
27. b8=Q Qxb8 28. Rxd7 Rc8 29. Bxf5 gxf5 30. b5 Rc5 31. h3 Rxb5 32. Rd8+
Qxd8 33. Qxb5 Qc7 34. Qb4 Qc1+ 35. Kh2 Qc2 36. Qd2 Qe4 37. Qe3 Qc2 38. Qg5+
Kh8 39. Kg3 Qc3 40. h4 Qc8 41. h5 Qg8 42. Kf4 Qb8 43. h6 Qb4+ 44. Kg3 Qf8
45. Qf6+ Kg8 46. Ng5 d4 47. Kf4 d3 48. Ke3 d2 49. Kxd2 Qb4+ 50. Ke3 Qc5+ 51.
Kf3 Qc3+ 52. Kf4 Qd4+ 53. Kg3 Qg4+ 54. Kh2 Qh5+ 55. Nh3 Qg6 56. Qd8#
{Black checkmated}
1-0

[Event "ICC tourney 1911 (25 10)"]
[Site "Internet Chess Club"]
[Date "2020.07.11"]
[Round "5"]
[White "HeJustin"]
[Black "Knightboy123"]
[Result "0-1"]
[ICCResult "White checkmated"]
[WhiteElo "1069"]
[BlackElo "1406"]
[Opening "Sicilian: Najdorf"]
[ECO "B90"]
[NIC "SI.14"]
[Time "19:01:23"]
[TimeControl "1500+10"]

1. e4 c5 2. Nf3 d6 3. d4 cxd4 4. Nxd4 Nf6 5. Nc3 a6 6. f3 e5 7. Nb3 Be6 8.
Be3 Be7 9. Qd2 Nbd7 10. O-O-O O-O 11. g4 b5 12. h4 b4 13. Ne2 a5 14. Ng3 a4
15. Na1 b3 16. cxb3 axb3 17. a3 d5 18. g5 d4 19. gxf6 dxe3 20. Qxe3 Bxf6 21.
Nxb3 Bxh4 22. Qc3 Bxg3 23. Kb1 Qc8 24. Qd2 Bxb3 25. Rc1 Qb7 26. Qg2 Bf4 27.
Qh3 Nf6 28. Re1 Rfb8 29. Bd3 Bc2+ 30. Kxc2 Qxb2+ 31. Kd1 Qd2# {White
checkmated} 0-1

[Event "ICC tourney 1911 (25 10)"]
[Site "Internet Chess Club"]
[Date "2020.07.11"]
[Round "5"]
[White "Ajitesh20091"]
[Black "chessmaster0981"]
[Result "1-0"]
[ICCResult "Black checkmated"]
[WhiteElo "1454"]
[BlackElo "1379"]
[Opening "Sicilian: Kan, 5.Nc3"]
[ECO "B43"]
[NIC "SI.41"]
[Time "19:01:28"]
[TimeControl "1500+10"]

1. e4 c5 2. Nf3 e6 3. d4 cxd4 4. Nxd4 a6 5. Nc3 Qc7 6. a3 b6 7. Be3 Bb7 8.
f3 d6 9. Qd2 Be7 10. Be2 Nf6 11. g4 h6 12. h4 Nbd7 13. O-O-O O-O-O 14. g5
hxg5 15. hxg5 Nh5 16. Bf2 g6 17. f4 Ng7 18. Bf3 Nc5 19. Rh6 Rxh6 20. gxh6
Ne8 21. Rh1 Nf6 22. Qe2 Rh8 23. f5 e5 24. Ne6 Nxe6 25. fxe6 fxe6 26. Bg4 Kd7
27. Bf3 d5 28. exd5 exd5 29. Na4 d4 30. Re1 e4 31. Bg4+ Nxg4 32. Qxg4+ Kd8
33. Bxd4 Qc4 34. Bxh8 Qxa4 35. Rd1+ Ke8 36. Qxg6+ Kf8 37. Bg7+ Kg8 38. h7#
{Black checkmated}
1-0

[Event "ICC tourney 1911 (25 10)"]
[Site "Internet Chess Club"]
[Date "2020.07.11"]
[Round "5"]
[White "Niteshc"]
[Black "albli"]
[Result "0-1"]
[ICCResult "White resigns"]
[WhiteElo "1357"]
[BlackElo "1422"]
[Opening "Sicilian: Smith-Morra gambit"]
[ECO "B21"]
[NIC "SI.48"]
[Time "19:02:08"]
[TimeControl "1500+10"]

1. e4 c5 2. d4 cxd4 3. c3 dxc3 4. Nxc3 d6 5. Nf3 Nf6 6. Bc4 Nc6 7. O-O e6 8.
Qe2 Be7 9. Rd1 Qc7 10. Be3 O-O 11. Rac1 a6 12. a4 b6 13. Ba2 Bb7 14. b4 Nxb4
15. Nd5 Qd7 16. Nxb4 Qxa4 17. Rc7 Qxb4 18. Rxe7 Bxe4 19. Ng5 Bc6 20. Rb1 Qa4
21. Bxb6 Nd5 22. Bxd5 Bxd5 23. Qh5 h6 24. Nxf7 Qe4 25. f3 Qxb1+ 26. Kf2
Qxb6+ 27. Kg3 Qe3 28. Qg6 e5 29. Nxe5 Qg5+ 30. Qxg5 hxg5 31. Ng6 Rf6
{White resigns}
0-1

[Event "ICC tourney 1911 (25 10)"]
[Site "Internet Chess Club"]
[Date "2020.07.11"]
[Round "5"]
[White "gmcarebear999"]
[Black "HAPPYKING99"]
[Result "1-0"]
[ICCResult "Black resigns"]
[WhiteElo "1361"]
[BlackElo "1257"]
[Opening "QGD Slav: exchange variation"]
[ECO "D13"]
[NIC "SL.02"]
[Time "19:01:12"]
[TimeControl "1500+10"]

1. d4 d5 2. c4 c6 3. Nf3 Nf6 4. cxd5 cxd5 5. Nc3 Nc6 6. e3 a6 7. Bd3 Bg4 8.
O-O e6 9. h3 Bh5 10. Be2 Bg6 11. Qb3 Rb8 12. a4 Na5 13. Qd1 Rc8 14. Bd2 Ne4
15. Ne5 Qb6 16. Nxe4 Bxe4 17. Rc1 Rd8 18. Bxa5 Qxa5 19. Qb3 Rb8 20. Nc6 Qc7
21. Nxb8 Qxb8 22. Bxa6 Bd6 23. Qb5+ Ke7 24. Bxb7 f5 25. f3 Bd3 26. Qxd3 Qxb7
27. a5 g5 28. a6 Qa7 29. Qb5 Rb8 30. Qe2 h5 31. e4 dxe4 32. fxe4 Qxd4+ 33.
Kh1 Rxb2 34. Qxh5 Qe5 35. Qh7+ Kf6 36. Qh8+ Kg6 37. Qxe5 Bxe5 38. exf5+ exf5
39. Ra1 Rb8 40. Ra5 Bc3 41. Ra2 Bd4 42. a7 Ra8 43. Ra6+ Kg7 44. Rxf5 Rxa7
45. Rxa7+ Bxa7 46. Rxg5+ Kh6 47. Rg4 Bb8 48. g3 Kh5 49. Kh2 Bc7 50. Rc4 Bd6
51. h4 Bb8 52. Kh3 Bc7 53. g4+ {Black resigns} 1-0

[Event "ICC tourney 1911 (25 10)"]
[Site "Internet Chess Club"]
[Date "2020.07.11"]
[Round "5"]
[White "Kausy"]
[Black "gsosa"]
[Result "0-1"]
[ICCResult "White checkmated"]
[WhiteElo "1692"]
[BlackElo "1598"]
[Opening "Petrov: Nimzovich attack"]
[ECO "C42"]
[NIC "RG.03"]
[Time "19:02:08"]
[TimeControl "1500+10"]

1. e4 e5 2. Nf3 Nf6 3. Nxe5 d6 4. Nf3 Nxe4 5. Nc3 Nxc3 6. dxc3 Be7 7. Be3
Nc6 8. Bd3 Bg4 9. Be2 Qd7 10. Qd2 O-O-O 11. O-O-O Rhe8 12. Rhe1 Bf6 13. h3
Bf5 14. Bb5 a6 15. Bf1 Ne5 16. Nd4 Bg6 17. g4 Qa4 18. Kb1 c5 19. f4 cxd4 20.
Bg2 dxe3 21. Qe2 Nc4 22. f5 Nd2+ 23. Ka1 Qxc2 24. fxg6 Bxc3 25. Rb1 Re5 26.
a3 Nb3+ 27. Ka2 Qxe2 28. Rxe2 Nd4 29. Bxb7+ Kc7 30. Rh2 e2 31. bxc3 e1=Q 32.
Rbb2 Re2 33. Bxa6 Rxh2 34. Rxh2 Qxc3 35. Rb2 Qxb2+ 36. Kxb2 hxg6 37. Kc3 Nc6
38. Be2 d5 39. a4 d4+ 40. Kd2 d3 41. Bf3 Nd4 42. Bd1 f5 43. Kxd3 Nf3+ 44.
Ke2 Ng1+ 45. Ke1 Rxd1+ 46. Kxd1 Nxh3 47. Ke2 fxg4 48. Kf1 Nf4 49. Kf2 Nh5
50. a5 Kb7 51. Ke3 Ka6 52. Ke4 Kxa5 53. Ke3 Kb4 54. Kf2 Kc3 55. Kg2 Kd3 56.
Kh2 Ke2 57. Kg2 g3 58. Kg1 Kf3 59. Kh1 g2+ 60. Kg1 Nf6 61. Kh2 Kf2 62. Kh3
g5 63. Kh2 g1=Q+ 64. Kh3 Qg3# {White checkmated} 0-1